 Dungeon Crawl Stone Soup version bcrawl-1.20.1 (webtiles) character file.

Game seed: 16023764497993827344

775 KristoblXynda the Chopper (level 7, -7/55 HPs)
             Began as a Yellow Draconian Skald on Jan 26, 2020.
             Mangled by a centaur (10 damage)
             ... on level 5 of the Dungeon.
             The game lasted 00:06:48 (4935 turns).

KristoblXynda the Chopper (Yellow Draconian Skald)  Turns: 4935, Time: 00:06:48

Health: -7/55      AC:  8    Str: 14    XL:     7   Next: 54%
Magic:  10/10      EV: 13    Int: 15    God:
Gold:   241        SH:  0    Dex: 10    Spells: 3/10 levels left

rFire    . . .     SeeInvis .   a - +1 hand axe
rCold    + . .     Gourm    .   (no shield)
rNeg     . . .     Faith    .   (armour unavailable)
rPois    .         Spirit   .   (helmet restricted)
rElec    .         Reflect  .   i - scarf {repulsion}
rCorr    +         Harm     .   (no gloves)
MR       .....                  (no boots)
Stlth    +.........             (no amulet)
HPRegen  0.18/turn              o - +2 ring of protection
MPRegen  0.12/turn              j - ring of protection from cold

@: very slightly contaminated, repel missiles
A: spit acid, acid resistance, unfitting armour, cold-blooded, AC +6
a: Breathe Acid


You were on level 5 of the Dungeon.
You were hungry.

You visited 1 branch of the dungeon, and saw 5 of its levels.

You collected 241 gold pieces.

Inventory:

Hand Weapons
 a - a +1 hand axe (weapon)
Armour
 i - a scarf of repulsion (worn)
Jewellery
 j - a ring of protection from cold (right hand)
 l - an uncursed ring of insulation
 o - a +2 ring of protection (left hand)
Scrolls
 b - a scroll of identify
 d - a scroll of blinking
 h - a scroll of enchant weapon
 k - 3 scrolls of remove curse
 n - a scroll of magic mapping {unknown}
Comestibles
 e - 6 rations {!d}
 f - a chunk of flesh


   Skills:
 - Level 2.1 Fighting
 * Level 6.3 Axes
 + Level 4.3 Dodging
 - Level 2.0 Spellcasting
 + Level 4.6 Charms


You had 3 spell levels left.
You knew the following spells:

 Your Spells              Type           Power        Failure   Level  Hunger
a - Infusion              Chrm           ###.....     3%          1    #......
b - Regeneration          Chrm/Necr      #.........   26%         3    ###....
c - Spectral Weapon       Hex/Chrm       #.......     26%         3    ###....

Your spell library contained the following spells:

 Spells                   Type           Power        Failure   Level  Hunger
 Song of Slaying          Chrm           ###.....     4%          2    ###....
 Ozocubu's Armour         Chrm/Ice       #.......     26%         3    ###....


Dungeon Overview and Level Annotations

Branches:
Dungeon (5/12)
 Temple: D:4-7

Altars:
Nemelex Xobeh

Shops:
D:4 }


Innate Abilities, Weirdness & Mutations

You can spit globs of acid.
You are resistant to acid.
Your golden yellow scales are hard. (AC +6)
You cannot fit into any form of body armour.
You are cold-blooded and may be slowed by cold attacks.


Message History

The jackal skeleton barely misses you.
You slash the jackal skeleton!
You destroy the jackal skeleton!
A centaur comes into view.
Found a scroll labeled BEEKHL SEOVO.
The centaur shouts!
The centaur wields a +0 shortbow.
The centaur shoots an arrow.
The arrow hits you!
* * * LOW HITPOINT WARNING * * *
You aren't carrying any potions.
Unknown command.
As you read the scroll labeled POSUSAAFAO, it crumbles to dust.
The scroll dissolves into smoke.
It was a scroll of fog.
The centaur shoots an arrow.
The arrow is repelled.
Found a flail.
You aren't carrying any potions.
The centaur unwields a +0 shortbow.
The centaur hits you.
* * * LOW HITPOINT WARNING * * *
The centaur hits you!
You die...

### #.##.## ..#
#...... # #.#
#..##.. #.##
##.####.####.<#.##
..c#...$.#.......#.#
#.#§....#######...##
#.##§§§§§..# ###..r
#...§§c§§..# #...#
######@§§..# #...#
#§§§....# #...#
#§##.##.# #...#
#.##r# .# #...#
#.b... . #...#
.....## . .....
[..... .. ).#.#.# ..
..


You could see a centaur and a quokka.

Vanquished Creatures
  Grinder (D:3)
  A phantom (D:4)
  A bullfrog (D:3)
  A howler monkey (D:5)
  2 crimson imps
  An orc wizard (D:3)
  Jessica (D:3)
  Ijyb (D:3)
  2 iguanas (D:4)
  2 worker ants
  Robin (D:2)
  6 adders
  A shadow imp (D:5)
  4 worms
  A dart slug (D:1)
  3 leopard geckos (D:2)
  2 orcs
  4 giant cockroaches
  16 goblins
  11 hobgoblins
  4 jackals (D:2)
  4 kobolds
  A quokka (D:2)
  A ball python (D:2)
  5 bats
  4 frilled lizards
  A jackal skeleton (D:5)
  6 rats
88 creatures vanquished.

Notes
Turn   | Place    | Note
-------+----------+-------------------------------------------
     0 | D:1      | KristoblXynda the Draconian Skald began the quest for the
                  | Orb.
     0 | D:1      | Reached XP level 1. HP: 17/17 MP: 3/3
   244 | D:1      | Reached XP level 2. HP: 1/24 MP: 5/5
  1115 | D:2      | Reached XP level 3. HP: 22/29 MP: 6/6
  1210 | D:2      | Learned a level 3 spell: Regeneration
  1294 | D:2      | Reached skill level 3 in Axes
  1649 | D:2      | Noticed Robin
  1885 | D:2      | Reached XP level 4. HP: 36/36 MP: 7/7
  1916 | D:2      | Killed Robin
  2658 | D:3      | Noticed Ijyb
  2716 | D:3      | Killed Ijyb
  2716 | D:3      | Reached skill level 4 in Axes
  2716 | D:3      | Reached XP level 5. HP: 32/41 MP: 8/8
  3273 | D:3      | Noticed Jessica
  3279 | D:3      | Killed Jessica
  3279 | D:3      | Reached XP level 6. HP: 43/48 MP: 9/9
  3289 | D:3      | Learned a level 3 spell: Spectral Weapon
  3298 | D:3      | Noticed Grinder
  3305 | D:3      | Paralysed by Grinder for 4 turns
  3333 | D:3      | Paralysed by Grinder for 3 turns
  3362 | D:3      | Paralysed by Grinder for 3 turns
  3369 | D:3      | Killed Grinder
  3369 | D:3      | Reached skill level 5 in Axes
  3748 | D:4      | Found Meteniw's Gadget Shop.
  4116 | D:4      | Your scales start taking on a golden yellow colour.
  4116 | D:4      | Reached XP level 7. HP: 55/55 MP: 10/10
  4200 | D:4      | Found a sparkling altar of Nemelex Xobeh.
  4498 | D:4      | Reached skill level 6 in Axes
  4807 | D:5      | Entered Level 5 of the Dungeon
  4871 | D:5      | Noticed a hippogriff
  4879 | D:5      | HP: 2/55 [hippogriff (3)]
  4935 | D:5      | Mangled by a centaur

Skill      XL: |  1  2  3  4  5  6  7 |
---------------+----------------------+-----
Charms         | 3 4 |  4.6
Axes           | 3 4 5 6 |  6.3
Dodging        | 3 4 |  4.3
Fighting       | |  2.1
Spellcasting   | |  2.0

Action                   |  1- 3 |  4- 6 |  7- 9 || total
-------------------------+-------+-------+-------++-------
Melee: Hand axe          |   138 |   196 |    63 ||   397
       Tailslap          |    13 |    13 |    13 ||    39
       Unarmed           |       |    35 |       ||    35
 Cast: Infusion          |     1 |     7 |       ||     8
       Regeneration      |       |       |     1 ||     1
 Abil: Breathe Acid      |       |       |     2 ||     2
  Use: Scroll            |       |     5 |     7 ||    12
       Potion            |       |     2 |     1 ||     3
 Stab: Invisible         |       |     1 |       ||     1
  Eat: Chunk             |     3 |     5 |     2 ||    10
       Ration            |       |     1 |       ||     1
Armor: Skin              |    37 |    72 |    15 ||   124
Dodge: Dodged            |   109 |   126 |    36 ||   271
       Deflected         |       |       |     1 ||     1
